 Dungeon Crawl Stone Soup version 0.30.1-11-g7821555f0a (webtiles) character file.

Game seed: 9806307103112117111

18 Peloso the Trooper (level 2, 27/27 HPs)
             Began as a Minotaur Fighter on Jan 10, 2024.
             Got out of the dungeon alive.
             The game lasted 00:01:11 (691 turns).

Peloso the Trooper (Minotaur Fighter)                Turns: 691, Time: 00:01:11

Health: 27/27      AC:  7    Str: 20    XL:     2   Next: 48%
Magic:  1/1        EV:  9    Int:  5    God:
Gold:   81         SH:  4    Dex:  9    Spells: 1/1 levels left

rFire   . . .        a - +0 long sword
rCold   . . .        c - +0 buckler
rNeg    . . .        b - +0 scale mail
rPois   .            (helmet unavailable)
rElec   .            (no cloak)
rCorr   .            (no gloves)
SInv    .            (no boots)
Will    .....        (no amulet) Stlth
                     (no ring)
HPRegen 0.24/turn    (no ring)
MPRegen 0.07/turn

%: no passive effects
@: no status effects
A: horns 3, retaliatory headbutt
a: no special abilities


You escaped.
You visited 1 branch of the dungeon, and saw 1 of its levels.

You collected 81 gold pieces.

Inventory:

Hand Weapons
 a - a +0 long sword (weapon)
Armour
 b - a +0 scale mail (worn)
 c - a +0 buckler (worn)
Potions
 d - 2 potions of might
 f - a potion of cancellation {unknown}


   Skills:
 + Level 4.0 Fighting
 + Level 2.5 Long Blades
 + Level 4.0 Armour
 + Level 3.9 Shields


You had one spell level left.
You didn't know any spells.
Your spell library was empty.

Dungeon Overview and Level Annotations

Branches:
Dungeon (1/15)

Altars:


Innate Abilities, Weirdness & Mutations

You have a pair of large horns on your head.
You reflexively headbutt those who attack you in melee.


Message History

You closely miss the frilled lizard. You block the frilled lizard's attack.
The frilled lizard barely misses you.
You barely miss the frilled lizard. The frilled lizard bites you.
The frilled lizard bites you but does no damage. x2
You block the frilled lizard's attack.
You miss the frilled lizard. The frilled lizard barely misses you.
You block the frilled lizard's attack.
You barely miss the frilled lizard. You headbutt the frilled lizard.
You kill the frilled lizard!
The frilled lizard barely misses you. You furiously retaliate!
You headbutt the frilled lizard!
You kill the frilled lizard!
Your Armour skill increases to level 4!
The endoplasm freezes you.
You are frozen.
You slash the endoplasm!
You kill the endoplasm!
You now have 75 gold pieces (gained 11).
g - a scroll labelled YRUEHI BETRY You now have 81 gold pieces (gained 6).
There is an open door here.
Done exploring.
Done exploring.
Done exploring.
Done exploring.
As you read the scroll labelled YRUEHI BETRY, it crumbles to dust.
The air around you briefly surges with heat, but it dissipates.
It was a scroll of immolation.
It was a potion of mutation.
You feel extremely strange. The horns on your head grow some more.
You feel less in control of your magic.
You feel resistant to heat.
Really quaff the potion of mutation?
You feel extremely strange.
You regain control of your magic.
You no longer feel heat resistant.
(D) Dungeon
Where to? (? - help)
What level of the Dungeon? (default 1, ? - help)
There is a staircase leading out of the dungeon here.
Are you sure you want to leave the Dungeon?
This will make you lose the game!
You have escaped! #PPPPPPPPPPPPPPP##. #PPPPPPPPPPPPPPP##. #PPPPP.....PPPPP##. #PPP..PPPPP..PPP### #PP.PPP...PPP.PP##. #PP.PP.PPP.PP.PP### #P.PP.PP.PP.PP.P#.. #P.P.PP.P.PP.P.P#.. #P@P.P.PPP.P.P..... #P.P.PP.P.PP.P.P... #P.PP.PP.PP.PP.P#.. #PP.PP.PPP.PP.PP#.. #PP.PPP...PPP.PP#.. #PPP..PPPPP..PPP#.. #PPPPP.....PPPPP#.. #PPPPPPPPPPPPPPP#.. #PPPPPPPPPPPPPPP#..

There were no monsters in sight!

Vanquished Creatures
  A ball python (D:1)
  2 endoplasms (D:1)
  5 hobgoblins (D:1)
  A kobold (D:1)
  A quokka (D:1)
  3 frilled lizards (D:1)
  A goblin (D:1)
  2 rats (D:1)
16 creatures vanquished.

Notes
Turn   | Place    | Note
-------+----------+-------------------------------------------
     0 | D:1      | Peloso the Minotaur Fighter began the quest for the Orb.
     0 | D:1      | Reached XP level 1. HP: 19/19 MP: 0/0
   298 | D:1      | Reached XP level 2. HP: 25/27 MP: 1/1
   344 | D:1      | Found a faded altar of an unknown god.
   680 | D:1      | Gained mutation: You have a pair of large horns on your
                  | head. [potion of mutation]
   680 | D:1      | Gained mutation: Your spells are a little harder to cast,
                  | but a little more powerful. [potion of mutation]
   680 | D:1      | Gained mutation: Your flesh is heat resistant. (rF+)
                  | [potion of mutation]
   681 | D:1      | Lost mutation: Your spells are a little harder to cast, but
                  | a little more powerful. [potion of mutation]
   681 | D:1      | Lost mutation: Your flesh is heat resistant. (rF+) [potion
                  | of mutation]
   691 | D:$      | Got out of the dungeon alive.

Illustrated notes

Levels and vault maps discovered:
D:1:      roderic_crop_circles_arrival_small, layout_basic,
          hellmonk_ecumenical_altar_pennies_from_heaven

Skill      XL: |  1  2 |
---------------+-------+-----
Fighting       | 4 |  4.0
Armour         | 4 |  4.0
Long Blades    | |  2.5
Shields        | |  3.9

Action                     || total
---------------------------++-------
  Melee: Long sword        ||    38
         Headbutt          ||     5
    Use: Potion            ||     2
         Scroll            ||     1
 Armour: Scale mail        ||    19
  Dodge: Dodged            ||    18
  Block: Buckler           ||     8
